 Dungeon Crawl Stone Soup version 0.25.1-11-g244df3a29b (webtiles) character file.

Game seed: 7183600677501066378

213132 DeepDeath the Tortoise (level 19, -4/146 HPs)
             Began as a Formicid Gladiator on Dec 30, 2023.
             Was a High Priest of Okawaru.
             Slain by a vault warden
             ... wielding a +1 battleaxe of venom
              (32 damage)
             ... on level 2 of the Vaults.
             The game lasted 03:40:13 (46300 turns).

DeepDeath the Tortoise (Formicid Gladiator)        Turns: 46300, Time: 03:40:16

Health: -4/146     AC: 28    Str: 23    XL:     19   Next: 67%
Magic:  28/28      EV: 18    Int: 16    God:    Okawaru [*****.]
Gold:   704        SH: 21    Dex: 20    Spells: 16/24 levels left

rFire    + + .     SeeInvis +   w - +6 glaive "Burroy" {protect, Dex+6}
rCold    + . .     Gourm    .   W - +2 kite shield
rNeg     . . .     Faith    .   a - +3 scale mail {MR+}
rPois    +         Spirit   .   (helmet unavailable)
rElec    .         Reflect  +   C - scarf {rC+ rF+}
rCorr    .         Harm     .   p - +2 pair of gloves
MR       ++...                  m - +1 pair of boots of Lifelessness {-Tele Int+6}
Stlth    ++........             D - amulet of reflection
HPRegen  0.34/turn              n - ring of poison resistance
MPRegen  0.21/turn              X - ring of protection from fire

@: lethally poisoned (-4 -> -5), protection aura
A: permanent stasis, dig shafts and tunnels, four strong arms, antennae 3
}: 1/15 runes: barnacled
a: Dig, Shaft Self, Heroism, Finesse, Renounce Religion


You were on level 2 of the Vaults.
You worshipped Okawaru.
Okawaru was extremely pleased with you.
You were not hungry.

You visited 7 branches of the dungeon, and saw 32 of its levels.
You also visited: Ice Cave and Volcano.

You collected 3407 gold pieces.
You spent 2703 gold pieces at shops.

Inventory:

Hand Weapons
 e - a +6 lajatang of draining
 q - a +2 vorpal hunting sling
 r - the +1 lajatang of the Eight Servitors {elec, +Blink rN+ Str-3 Int+2}
   (You acquired it on level 5 of the Lair of Beasts)

   Occasionally, upon striking a foe, it will discharge some electrical energy
   and cause terrible harm.
   It affects your strength (-3).
   It affects your intelligence (+2).
   It protects you from negative energy.
   It lets you blink.
 s - a +2 war axe of flaming
 w - the +6 glaive "Burroy" (weapon) {protect, Dex+6}
   (You took it off a merfolk on level 4 of the Shoals)

   It grants its wielder temporary protection when it strikes (+7 to AC).
   It affects your dexterity (+6).
 K - the +6 mace "Killer Klown's Foe" {vorpal, rElec Str-5 Int+4}
   (You found it on level 2 of the Vaults)

   It inflicts extra damage upon your enemies.
   It affects your strength (-5).
   It affects your intelligence (+4).
   It insulates you from electricity.
Missiles
 x - 226 sling bullets
 A - 20 silver boomerangs
 J - 41 javelins (quivered)
 N - 4 throwing nets
 T - 3 datura-tipped darts
Armour
 a - a +3 scale mail of magic resistance (worn)
 m - the +1 pair of boots of Lifelessness (worn) {-Tele Int+6}
   (You bought it in a shop on level 2 of the Orcish Mines)

   It affects your intelligence (+6).
   It prevents most forms of teleportation.
 p - a +2 pair of gloves (worn)
 C - a scarf of resistance (worn)
 F - +0 fire dragon scales
 W - a +2 kite shield (worn)
Jewellery
 h - an uncursed ring of ice
 n - a ring of poison resistance (left hand)
 D - an amulet of reflection (around neck)
 S - an uncursed ring of protection from magic
 X - a ring of protection from fire (right hand)
Wands
 H - a wand of flame (60)
 O - a wand of paralysis (7)
 V - a wand of disintegration (16)
 Z - a wand of enslavement (6)
Scrolls
 d - 7 scrolls of remove curse
 j - 5 scrolls of immolation
 l - 4 scrolls of identify
 G - a scroll of fog
 L - a scroll of enchant armour
 R - a scroll of magic mapping
Potions
 b - a potion of heal wounds
 c - 8 potions of curing
 i - a potion of cancellation
 k - 8 potions of flight
 t - a potion of magic
 u - 5 potions of resistance
 y - 2 potions of stabbing
 z - 4 potions of invisibility
 E - 4 potions of lignification
 Y - 4 potions of might
Miscellaneous
 g - a phial of floods
 o - a box of beasts
 B - a tin of tremorstones (3/3)
 I - a lightning rod (4/4)
Comestibles
 f - 37 rations


   Skills:
 - Level 12.0 Fighting
 - Level 5.5(8.4) Axes
 * Level 9.7(13.1) Polearms
 - Level 13.4(14.5) Staves
 - Level 9.6(10.0) Slings
 - Level 3.6(6.7) Throwing
 - Level 20.0 Armour
 - Level 10.0 Dodging
 - Level 5.0 Stealth
 - Level 12.0 Shields
 - Level 3.0 Spellcasting
 - Level 2.0 Conjurations
 - Level 1.0 Transmutations
 - Level 1.0 Fire Magic
 - Level 2.0 Air Magic
 - Level 5.0 Poison Magic
 - Level 12.0 Invocations
 - Level 5.0 Evocations


You had 16 spell levels left.
You knew the following spells:

 Your Spells              Type           Power        Failure   Level  Hunger
i - Ignite Poison         Fire/Tmut/Pois #.......     36%         3    ###....
p - Mephitic Cloud        Conj/Pois/Air  ##......     28%         3    ###....
v - Poisonous Vapours     Pois/Air       ##....       12%         2    ##.....

Your spell library contained the following spells:

 Spells                   Type           Power        Failure   Level  Hunger
 Sting                    Tmut/Pois      ##..         10%         1    #......
 Magic Dart               Conj           #...         14%         1    #......
 Foxfire                  Conj/Fire      #...         17%         1    #......
 Apportation              Tloc           #.....       32%         1    #......
 Corona                   Hex            #......      32%         1    #......
 Summon Butterflies       Summ           #.......     32%         1    #......
 Corpse Rot               Necr/Air       N/A          32%         2    ##.....
 Olgreb's Toxic Radiance  Pois           ###.....     38%         4    #####..
 Call Imp                 Summ           #.......     43%         2    ##.....
 Ensorcelled Hibernation  Hex/Ice        #.....       43%         2    ##.....
 Slow                     Hex            #.......     43%         2    ##.....
 Sublimation of Blood     Necr           #.........   43%         2    ##.....
 Conjure Flame            Conj/Fire      #.......     45%         3    ###....
 Dazzling Flash           Conj/Hex       #.....       54%         3    ###....
 Stone Arrow              Conj/Erth      #.....       54%         3    ###....
 Inner Flame              Hex/Fire       #.......     61%         3    ###....
 Confusing Touch          Hex            #.......     67%         3    ###....
 Lesser Beckoning         Tloc           #.........   67%         3    ###....
 Tukima's Dance           Hex            #.......     67%         3    ###....
 Vampiric Draining        Necr           #.........   67%         3    ###....
 Sticky Flame             Conj/Fire      #.......     86%         4    #####..
 Summon Lightning Spire   Summ/Air       #.......     91%         4    #####..
 Alistair's Intoxication  Tmut/Pois      ##......     95%         5    ######.
 Animate Dead             Necr           N/A          97%         4    #####..
 Dispel Undead            Necr           #.......     97%         4    #####..
 Leda's Liquefaction      Hex/Erth       #.........   97%         4    #####..
 Bolt of Magma            Conj/Fire/Erth #.........   99%         5    ######.
 Fireball                 Conj/Fire      #.........   99%         5    ######.
 Iskenderun's Battlesphe  Conj/Chrm      #.......     99%         5    ######.
 Silence                  Hex/Air        #.........   99%         5    ######.
 Summon Forest            Summ/Tloc      #.........   100%        5    ######.
 Conjure Ball Lightning   Conj/Air       #.........   100%        6    #######
 Eringya's Noxious Bog    Tmut/Pois      ##........   100%        6    #######
 Hydra Form               Tmut           #.........   100%        6    #######
 Invisibility             Hex            #.......     100%        6    #######
 Iron Shot                Conj/Erth      #.........   100%        6    #######
 Statue Form              Tmut/Erth      #........    100%        6    #######
 Orb of Destruction       Conj           #.........   100%        7    #######
 Spellforged Servitor     Conj/Summ      #.........   100%        7    #######
 Summon Hydra             Summ           #.........   100%        7    #######
 Shatter                  Erth           #.........   100%        9    #######
 Tornado                  Air            #.........   100%        9    #######
 Blink                    Tloc           Unusable     N/A         2    N/A

Dungeon Overview and Level Annotations

Branches:
Dungeon (15/15)            Temple (1/1) D:6            Lair (6/6) D:9
 Shoals (4/4) Lair:3       Spider (2/4) Lair:2        Slime (0/5) Lair:5
    Orc (2/2) D:9             Elf (0/3) Orc:2        Vaults (2/5) D:14
 Depths (0/5) D:15          IceCv (visited)         Volcano (visited)
  Crypt: Vaults:2-3

Altars:
Ashenzari
Dithmenos
Elyvilon
Fedhas
Hepliaklqana
Kikubaaqudgha
Makhleb
Okawaru
Qazlal
Ru
Sif Muna
Trog
Uskayaw
Vehumet
Wu Jian
Yredelemnul
Zin

Shops:
D:6 !   D:9 [   D:11 !(%:   Orc:2 [*[?


Innate Abilities, Weirdness & Mutations

You cannot be hasted, slowed, berserked, paralysed or teleported.
You can dig through walls and to a lower floor.
Your four strong arms can wield two-handed weapons with a shield.
You have a pair of large antennae on your head. (SInv)


Message History

The runic seals fade away.
You feel sick.
You block the ironheart preserver's attack.
You block the yaktaur's attack.
The vault warden hits you with a +1 battleaxe of venom!!
* * * LOW HITPOINT WARNING * * *
The wizard casts a spell.
The wizard seems to speed up.
The yaktaur barely misses you.
The ironbrand convoker closely misses you.
Unknown command.
Unknown command.
Unknown command.
Unknown command.
Unknown command.
You block the yaktaur's attack.
The ironheart preserver mumbles some strange words.
The ironheart preserver begins to accept its allies' injuries.
The yaktaur hits you with a +0 quarterstaff!
* * * LOW HITPOINT WARNING * * *
The vault warden hits you with a +1 battleaxe of venom!!
You die...

#..# #.....#
#..########.....#
#...............#
#.####+####.....# #.##
#.####.....#
#.#.##(##.#.....#
#.#(.#.#(.+.)..(#
##+####.##.c.[.##.....#
........###p@c###.....#
........##.ppp.##.....#
..[.....#..#(#..#.....#
........#.##(##.#.....#
........####(# ##.....#
.....#### ##+# #.....#
..... #.(# ..... ##(#
#..#


You could see an ironheart preserver (strong), a vault warden (strong,
sheltered), an ironbrand convoker (sheltered), 2 yaktaurs and a wizard (fast,
sheltered).

Vanquished Creatures
  Saint Roka (Vaults:1)
  Rupert (D:15)
  Polyphemus (Shoals:3)
  A kraken (Shoals:1)
  Frances (Spider:1)
  Kirke (Spider:1)
  2 ghost moths
  5 vault wardens
  An emperor scorpion (Spider:2)
  2 ironheart preservers (Vaults:1)
  2 stone giants
  An entropy weaver (Spider:1)
  Snorg (Orc:1)
  3 merfolk javelineers
  An ettin (Orc:1)
  Josephine (D:10)
  A fire dragon (Vaults:2)
  7 merfolk impalers
  Fannar (Lair:3)
  2 yaktaur captains (Vaults:1)
  12 hydras
  4 vault guards (D:14)
  2 rakshasas (D:15)
  An alligator snapping turtle (Shoals:1)
  2 centaur warriors
  2 ogre magi (D:15)
  Erica (D:8)
  3 catoblepae
  4 merfolk avatars
  8 merfolk aquamancers (Shoals:4)
  12 two-headed ogres
  11 death yaks
  A death knight (Vaults:1)
  2 satyrs
  A tengu warrior (D:14)
  3 orc high priests (Orc:2)
  4 deep elf knights (Vaults:1)
  A fire crab (Volcano)
  16 sea snakes
  4 deep trolls (Vaults:1)
  4 unseen horrors
  A wizard (Vaults:2)
  2 glowing orange brains
  2 deep elf archers (Vaults:1)
  An ironbrand convoker (Vaults:2)
  2 lindwurms
  Pikel (D:9)
  8 harpies
  8 orc knights
  13 fauns
  A wolf spider zombie (D:15)
  6 cyclopes
  7 orb spiders
  9 wolf spiders
  11 ugly things
  5 orc sorcerers
  20 manticores
  Maurice (D:8)
  The ghost of Gadfly the Ruffian, a novice TrGl of Elyvilon (D:4)
  5 elephants (Lair:6)
  5 water nymphs
  A guardian serpent (D:14)
  2 ice statues (IceCv)
  10 merfolk sirens
  2 vault sentinels (Vaults:1)
  A black mamba (Lair:5)
  11 spiny frogs
  3 torpor snails (Spider:1)
  5 centaur skeletons
  2 molten gargoyles (Volcano)
  3 gargoyles
  5 demonic crawlers
  16 yaktaurs
  8 komodo dragons
  Maggie (D:9)
  A redback zombie (D:15)
  2 rime drakes (Lair:6)
  8 ice devils (IceCv)
  A harpy zombie (D:14)
  2 tengu conjurers
  3 polar bears (Lair:6)
  12 jumping spiders
  3 meliai (Spider:2)
  5 trolls
  4 wind drakes
  17 merfolk
  A meliai (shapeshifter) (D:13)
  6 hornets
  16 hippogriffs
  6 blink frogs (Lair:6)
  10 dream sheep
  11 snapping turtles
  5 slime creatures
  28 redbacks
  7 tarantellas
  25 yaks
  9 water elementals
  4 wraiths
  4 basilisks
  6 fire bats (Volcano)
  2 steam dragons (Volcano)
  6 wyverns
  A hog (shapeshifter) (D:15)
  4 hungry ghosts
  4 hogs
  A human (D:9)
  4 wargs
  10 vampire mosquitoes
  An acid dragon (Vaults:1)
  A soldier ant (D:10)
  14 water moccasins
  A hell hound (Volcano)
  6 porcupines
  34 orc warriors
  5 sky beasts
  2 slaves (D:9)
  A hornet zombie (D:13)
  2 boggarts (Vaults:2)
  11 ice beasts
  A necrophage (D:6)
  A wolf (shapeshifter) (D:15)
  3 wolves (Lair:3)
  An eye of draining (D:13)
  9 ogres
  3 phantoms
  17 centaurs
  13 crocodiles
  21 bullfrogs
  A bullfrog (shapeshifter) (D:15)
  A wyvern zombie (D:9)
  A wyvern skeleton (D:14)
  4 scorpions
  9 killer bees
  An orc simulacrum (Vaults:1)
  8 wights
  3 howler monkeys
  6 lava snakes (Volcano)
  11 crimson imps
  4 centaur zombies
  A quasit (D:9)
  7 jellies
  11 hounds
  Crazy Yiuf (D:6)
  A gnoll shaman (D:4)
  2 bullfrog skeletons
  13 orc priests
  4 iguanas
  7 worker ants
  30 orc wizards
  A hound zombie (D:5)
  A hound skeleton (D:11)
  A worker ant zombie (D:8)
  Robin (D:4)
  11 gnolls
  14 adders
  11 shadow imps
  8 white imps
  6 ufetubi (IceCv)
  2 oozes
  2 worms
  4 leopard geckos
  99 orcs
  9 giant cockroaches
  13 goblins
  13 hobgoblins
  23 jackals
  7 kobolds
  3 quokkas
  A ball python (D:8)
  6 bats
  9 frilled lizards
  2 giant cockroach zombies
  A leopard gecko skeleton (D:4)
  4 quokka skeletons
  4 rats
  A spectral orc (D:4)
  2 fungi (Lair:6)
  8 plants
  A tentacle (Shoals:1)
1082 creatures vanquished.

Vanquished Creatures (collateral kills)
  An orc knight (Orc:2)
  A demonic crawler (Spider:2)
  A queen bee (Spider:2)
  8 killer bees (Spider:2)
11 creatures vanquished.

Vanquished Creatures (others)
  A reaper (IceCv)
  A deep elf mage (Vaults:1)
  A manticore (Shoals:4)
  2 humans (Spider:1)
  A slave (D:9)
  A scorpion (D:9)
  2 white imps (IceCv)
  6 ufetubi (IceCv)
  26 fungi
  23 plants
  12 tentacles (Shoals:1)
76 creatures vanquished.

Grand Total: 1169 creatures vanquished

Notes
Turn   | Place    | Note
-------+----------+-------------------------------------------
     0 | D:1      | DeepDeath the Formicid Gladiator began the quest for the
                  | Orb.
     0 | D:1      | Reached XP level 1. HP: 16/16 MP: 1/1
   300 | D:1      | Reached XP level 2. HP: 12/22 MP: 2/2
   403 | D:1      | Reached skill level 1 in Armour
   620 | D:1      | Reached XP level 3. HP: 26/27 MP: 3/3
  1184 | D:2      | Reached XP level 4. HP: 33/33 MP: 4/4
  1216 | D:2      | Reached skill level 2 in Armour
  1258 | D:2      | Found a glowing silver altar of Zin.
  1898 | D:2      | Reached XP level 5. HP: 38/38 MP: 5/5
  2077 | D:3      | Reached skill level 5 in Staves
  2144 | D:3      | Found a white marble altar of Elyvilon.
  2155 | D:3      | Reached XP level 6. HP: 44/44 MP: 6/6
  2206 | D:3      | Reached skill level 1 in Shields
  2836 | D:4      | Found a shadowy altar of Dithmenos.
  2912 | D:4      | Found a runed translucent door.
  3000 | D:4      | Reached skill level 1 in Polearms
  3028 | D:4      | Noticed Gadfly's ghost (novice TrGl)
  3157 | D:4      | Noticed Robin
  3167 | D:4      | Killed Robin
  3469 | D:3      | Reached XP level 7. HP: 49/50 MP: 7/7
  3677 | D:4      | Found a hazy altar of Hepliaklqana.
  3788 | D:4      | Found a basalt altar of Yredelemnul.
  3896 | D:5      | Entered Level 5 of the Dungeon
  4197 | D:5      | Found a sacrificial altar of Ru.
  4392 | D:5      | Found a radiant altar of Vehumet.
  4393 | D:5      | Found a burning altar of Makhleb.
  4602 | D:6      | Found Onuoliag's Distillery.
  4618 | D:6      | Reached XP level 8. HP: 56/56 MP: 8/8
  4625 | D:6      | Bought a potion of heal wounds for 70 gold pieces
  4625 | D:6      | Bought a potion of might for 56 gold pieces
  4625 | D:6      | Bought a potion of degeneration for 14 gold pieces
  4752 | D:5      | Reached skill level 5 in Polearms
  5062 | D:6      | Found a staircase to the Ecumenical Temple.
  5099 | Temple   | Entered the Ecumenical Temple
  5127 | Temple   | Became a worshipper of Warmaster Okawaru
  5281 | D:6      | Found a runed translucent door.
  5282 | D:6      | Noticed Crazy Yiuf
  5667 | D:7      | Reached skill level 1 in Invocations
  5667 | D:7      | Reached skill level 1 in Evocations
  5718 | D:7      | Reached XP level 9. HP: 57/61 MP: 9/9
  5988 | D:7      | Reached * piety under Okawaru
  6072 | D:7      | Reached skill level 3 in Armour
  6102 | D:7      | Found an ancient bone altar of Kikubaaqudgha.
  6133 | D:7      | Found a shattered altar of Ashenzari.
  6537 | D:8      | Found a blossoming altar of Fedhas.
  6594 | D:8      | Noticed Erica
  6605 | D:8      | Killed Erica
  6605 | D:8      | Reached skill level 4 in Armour
  6605 | D:8      | Reached skill level 5 in Shields
  6605 | D:8      | Reached XP level 10. HP: 67/70 MP: 9/13
  6669 | D:8      | Noticed Maurice
  6682 | D:8      | Killed Maurice
  6682 | D:8      | Reached ** piety under Okawaru
  7105 | D:8      | Found a shimmering blue altar of Sif Muna.
  7229 | D:8      | Found a hide-covered altar of Uskayaw.
  7229 | D:8      | Noticed a +0 dagger
  7229 | D:8      | Noticed a +0 hand axe
  7575 | D:6      | Killed Crazy Yiuf
  7979 | D:9      | Noticed Pikel
  8025 | D:9      | Killed Pikel
  8025 | D:9      | Reached skill level 10 in Staves
  8061 | D:9      | Reached *** piety under Okawaru
  8138 | D:9      | Noticed Maggie
  8153 | D:9      | Killed Maggie
  8153 | D:9      | Reached XP level 11. HP: 57/77 MP: 12/14
  8404 | D:9      | Found a staircase to the Orcish Mines.
  8466 | D:9      | Found a staircase to the Lair.
  8489 | D:9      | Reached **** piety under Okawaru
  8555 | D:9      | Found Vebiem's Antique Armour Shoppe.
  8563 | D:9      | Bought a glowing scarf for 192 gold pieces
  8563 | D:9      | Bought a runed chain mail for 180 gold pieces
  8879 | D:9      | Found an iron altar of Okawaru.
  8933 | D:10     | Entered Level 10 of the Dungeon
  8933 | D:10     | Found an ornate altar of the Wu Jian Council.
  8933 | D:10     | Noticed Josephine
  9023 | D:10     | Reached ***** piety under Okawaru
  9084 | D:10     | Reached skill level 5 in Armour
  9239 | D:10     | Reached skill level 10 in Shields
  9338 | D:10     | Killed Josephine
  9616 | Lair:1   | Entered Level 1 of the Lair of Beasts
  9861 | Lair:1   | Reached skill level 6 in Armour
 10016 | Lair:1   | Noticed a four-headed hydra
 10037 | Lair:1   | Killed a four-headed hydra
 10037 | Lair:1   | Reached skill level 5 in Evocations
 10037 | Lair:1   | Reached XP level 12. HP: 72/84 MP: 12/15
 10496 | D:9      | Bought a shiny scale mail for 168 gold pieces
 10637 | Lair:2   | Reached skill level 5 in Invocations
 10698 | Lair:2   | Received a gift from Okawaru
 10708 | Lair:2   | Found a frozen archway.
 10756 | Lair:2   | Reached skill level 5 in Fighting
 10839 | IceCv    | Entered an ice cave
 10880 | IceCv    | Reached skill level 1 in Axes
 10882 | IceCv    | Killed a reaper
 11293 | IceCv    | Received a gift from Okawaru
 11626 | IceCv    | Reached skill level 7 in Armour
 12211 | IceCv    | Received a gift from Okawaru
 12297 | IceCv    | Got slimy ice dragon scales
 12322 | IceCv    | Identified the cursed +1 ice dragon scales of the
                  | Playwright {rPois rF- rC++ Dex-5 Slay+2} (You found it in
                  | an ice cave)
 12946 | Lair:2   | Found a hole to the Spider Nest.
 13419 | Lair:3   | Received a gift from Okawaru
 13426 | Lair:3   | Reached skill level 8 in Armour
 13479 | Lair:3   | Found a staircase to the Shoals.
 13498 | Lair:3   | Found a dark tunnel.
 13554 | Volcano  | Entered a volcano
 13856 | Volcano  | Found a burning altar of Makhleb.
 13858 | Volcano  | Reached XP level 13. HP: 91/91 MP: 10/18
 13992 | Volcano  | Reached skill level 9 in Armour
 14114 | Lair:3   | Noticed Fannar
 14146 | Lair:3   | Killed Fannar
 15206 | D:9      | Bought a pair of runed gloves for 180 gold pieces
 15338 | Lair:4   | Reached skill level 10 in Armour
 15383 | Lair:4   | Noticed a four-headed hydra
 15393 | Lair:4   | Killed a one-headed hydra
 16251 | D:9      | Bought a runed scale mail for 168 gold pieces
 16530 | Lair:5   | Reached skill level 1 in Stealth
 16536 | Lair:5   | Received a gift from Okawaru
 17010 | Lair:5   | Found a staircase to the Slime Pits.
 17071 | Lair:5   | Reached skill level 5 in Axes
 17320 | Lair:5   | Identified a scroll of acquirement
 17320 | Lair:5   | Acquired the +1 lajatang of the Eight Servitors {elec,
                  | +Blink rN+ Str-3 Int+2}
 17631 | Orc:1    | Entered Level 1 of the Orcish Mines
 17883 | Orc:1    | Noticed an ettin
 17900 | Orc:1    | Killed an ettin
 17900 | Orc:1    | Reached XP level 14. HP: 99/99 MP: 13/20
 18046 | Orc:1    | Noticed Snorg
 18066 | Orc:1    | Killed Snorg
 18374 | Orc:2    | Entered Level 2 of the Orcish Mines
 18380 | Orc:2    | Found a staircase to the Elven Halls.
 18525 | Orc:2    | Reached skill level 11 in Armour
 19398 | Orc:2    | Reached skill level 1 in Slings
 19621 | Orc:2    | Reached skill level 5 in Stealth
 19842 | Orc:2    | Found Itsack's Assorted Antiques.
 19842 | Orc:2    | Found Ygy Xaj's Antique Armour Shoppe.
 19846 | Orc:2    | Found Dihof's Magic Scroll Boutique.
 19846 | Orc:2    | Found Dune Bits's Armour Shoppe.
 19857 | Orc:2    | Bought a pair of ancient boots for 351 gold pieces
 19859 | Orc:2    | Bought a scroll of identify for 74 gold pieces
 19859 | Orc:2    | Identified the +1 pair of boots of Lifelessness {-Tele
                  | Int+6} (You bought it in a shop on level 2 of the Orcish
                  | Mines)
 19879 | Orc:2    | Bought a scroll of identify for 28 gold pieces
 19879 | Orc:2    | Bought 2 scrolls of identify for 56 gold pieces
 19879 | Orc:2    | Bought a scroll of fear for 49 gold pieces
 20231 | D:11     | Found Inealese's Antique Weapon Boutique.
 20231 | D:11     | Found Gedghe's Distillery.
 20248 | D:11     | Found Voydit's Food Boutique.
 20253 | D:11     | Found Poih Jid's Book Boutique.
 20279 | D:11     | Bought 2 potions of invisibility for 256 gold pieces
 20509 | D:11     | Received a gift from Okawaru
 20690 | D:11     | Reached skill level 12 in Armour
 21046 | D:11     | Bought a potion of heal wounds for 80 gold pieces
 21296 | D:12     | Reached skill level 10 in Invocations
 21810 | D:12     | Received a gift from Okawaru
 21984 | D:12     | Learned a level 2 spell: Poisonous Vapours
 21988 | D:12     | Learned a level 3 spell: Ignite Poison
 21992 | D:12     | Learned a level 3 spell: Mephitic Cloud
 22426 | D:13     | Identified the +1 plate armour of Valiance {rN+} (You found
                  | it on level 13 of the Dungeon)
 22455 | D:13     | Reached skill level 1 in Poison Magic
 23419 | Lair:6   | Entered Level 6 of the Lair of Beasts
 23434 | Lair:6   | Reached skill level 1 in Spellcasting
 23434 | Lair:6   | Reached skill level 1 in Transmutations
 23568 | Lair:6   | Reached skill level 1 in Fire Magic
 23576 | Lair:6   | Reached XP level 15. HP: 85/110 MP: 22/22
 23670 | Lair:6   | Reached skill level 1 in Conjurations
 23838 | Lair:6   | Reached skill level 1 in Air Magic
 24461 | Lair:6   | Reached skill level 13 in Armour
 24970 | Lair:6   | Received a gift from Okawaru
 24978 | Lair:6   | Identified the +7 tower shield of Broken Taboos {+Blink
                  | rPois Str-3 SInv} (Okawaru gifted it to you on level 6 of
                  | the Lair of Beasts)
 25412 | Lair:6   | Reached skill level 14 in Armour
 26062 | Lair:6   | Reached ****** piety under Okawaru
 26647 | Orc:2    | Bought a runed chain mail for 277 gold pieces
 27135 | D:14     | Found a gate to the Vaults.
 27255 | D:14     | Reached XP level 16. HP: 48/117 MP: 25/25
 27861 | D:14     | Received a gift from Okawaru
 28260 | D:14     | Reached skill level 5 in Slings
 28260 | D:14     | Reached skill level 5 in Poison Magic
 28392 | D:15     | Entered Level 15 of the Dungeon
 29327 | D:15     | Noticed Rupert
 29337 | D:15     | Killed Rupert
 29401 | D:15     | Reached skill level 10 in Fighting
 29462 | D:15     | Found a staircase to the Depths.
 29825 | D:15     | Received a gift from Okawaru
 29828 | D:15     | Got a pair of crude gloves {god gift}
 29841 | D:15     | Identified the +4 pair of gloves of Free Will {-Tele Harm
                  | rN+++ Slay-5} (Okawaru gifted it to you on level 15 of the
                  | Dungeon)
 30429 | D:11     | Bought a potion of resistance for 160 gold pieces
 30429 | D:11     | Bought a potion of might for 64 gold pieces
 30714 | D:4      | Killed Gadfly's ghost
 31065 | Shoals:1 | Entered Level 1 of the Shoals
 31385 | Shoals:1 | Reached skill level 5 in Dodging
 31790 | Shoals:1 | Acquired a manual of Armour
 31937 | Shoals:1 | Reached XP level 17. HP: 75/131 MP: 26/26
 32273 | Shoals:1 | Noticed a kraken
 32296 | Shoals:1 | Killed a kraken
 34083 | Shoals:3 | Noticed Polyphemus
 34463 | Shoals:3 | Received a gift from Okawaru
 34491 | Shoals:3 | Got a warped longbow {god gift}
 34965 | Shoals:3 | Identified the +3 longbow "Beetleslayer" {venom, rF- rC+
                  | Str+2} (Okawaru gifted it to you on level 3 of the Shoals)
 35418 | Shoals:2 | Reached skill level 15 in Armour
 35648 | Shoals:3 | Killed Polyphemus
 36422 | Shoals:4 | Entered Level 4 of the Shoals
 36540 | Shoals:4 | Reached skill level 16 in Armour
 36786 | Shoals:4 | Received a gift from Okawaru
 36913 | Shoals:4 | Received a gift from Okawaru
 37130 | Shoals:4 | Reached XP level 18. HP: 134/140 MP: 27/27
 37310 | Shoals:4 | Identified the +6 glaive "Burroy" {protect, Dex+6}
 37422 | Shoals:4 | Reached skill level 17 in Armour
 37938 | Shoals:4 | Received a gift from Okawaru
 38062 | Shoals:4 | Identified the Tome of Necromancy
 38254 | Shoals:4 | Got a barnacled rune of Zot
 38536 | Shoals:4 | Received a gift from Okawaru
 39352 | Spider:1 | Entered Level 1 of the Spider Nest
 39422 | Spider:1 | Noticed Kirke
 39433 | Spider:1 | Killed Kirke
 39433 | Spider:1 | Reached skill level 18 in Armour
 39569 | Spider:1 | Received a gift from Okawaru
 39675 | Spider:1 | Got a faintly glowing plate armour {god gift}
 39676 | Spider:1 | Identified the +6 plate armour "Oneulay" {Stlth+} (Okawaru
                  | gifted it to you on level 1 of the Spider Nest)
 40204 | Spider:1 | You fall into a shaft and drop 1 floor!
 40989 | Spider:1 | Reached skill level 19 in Armour
 41009 | Spider:2 | Noticed Frances
 41024 | Spider:1 | Killed Frances
 42830 | Vaults:1 | Entered Level 1 of the Vaults
 43218 | Vaults:1 | Reached XP level 19. HP: 124/146 MP: 28/28
 44330 | Vaults:1 | Received a gift from Okawaru
 44753 | Vaults:1 | Noticed Saint Roka
 44782 | Vaults:1 | Killed Saint Roka
 44782 | Vaults:1 | Received a gift from Okawaru
 45350 | D:6      | Bought 2 potions of resistance for 280 gold pieces
 45684 | Vaults:2 | Reached skill level 10 in Dodging
 45708 | Vaults:2 | Identified the +6 mace "Killer Klown's Foe" {vorpal, rElec
                  | Str-5 Int+4} (You found it on level 2 of the Vaults)
 46287 | Vaults:2 | Received a gift from Okawaru
 46287 | Vaults:2 | Reached skill level 20 in Armour
 46300 | Vaults:2 | Slain by a vault warden

Illustrated notes

Levels and vault maps discovered:
D:1:      dpeg_arrival_tiny_i, layout_basic
D:2:      layout_basic, zin_scriptorium, first_ration
D:3:      layout_basic, overflow_temple_1_default
D:4:      layout_gridville, yredelemnul_forgotten_temple_becter,
          kennysheep_mini_moat, ebering_ghost_sewer_d, grunt_dithmenos_smoke,
          uniq_robin
D:5:      layout_basic, lemuel_round_altar,
          grunt_temple_overflow_lords_of_destruction
D:6:      cheibrodos_iron_armory, layout_rooms, minmay_temple_entry_mist,
          serial_shops, nicolae_shop_trees, uniq_crazy_yiuf_cottage
D:7:      layout_loops_ring, marbit_many_paths, ashenzari_altar_1,
          minmay_fire_ice_demons
D:8:      layout_basic, dancing_weapons_uskayaw, fedhas_altar_2,
          nicolae_overflow_hidden_temple, uniq_erica, uniq_maurice
D:9:      layout_roguey, grunt_lair_entry_orc_guard_hut, david_orc_4,
          serial_shops, shop, grunt_livestock, okawaru_altar_gauntlet_db,
          uniq_pikel, uniq_maggie
D:10:     layout_roguey, basic_altar, uniq_josephine
D:11:     layout_roguey, minmay_shop_grid_forest
D:12:     layout_basic
D:13:     layout_stronghold
D:14:     layout_basic, lightli_vaults_fourway_checkpoint, minmay_door_square,
          nrook_guardian_serpent_ordinary
D:15:     gammafunk_enter_depths_forms, layout_loops_corners,
          wad_floor_pattern_untrapped, st_stairs_9, uniq_rupert
Temple:   zaba_magenta_temple
Lair:1:   layout_cave_pods
Lair:2:   layout_long_grid, spider_nest_entry_funnel_web,
          portal_ice_cave_entry_ice_beasts
Lair:3:   layout_regular_city, minmay_shoals_entry_centaurs,
          nicolae_volcano_entry_lava_flow, lemuel_fruit_tree, uniq_fannar
Lair:4:   layout_cave_shapes, infiniplex_staircase_pool_2
Lair:5:   cheibrodos_lair_overgrown_chateau, layout_gridlike, slime_dummy,
          columned_hall_lemuel
Lair:6:   hangedman_lair_in_review, layout_loops_ring, st_stairs_8,
          cheibrodos_lair_lostbears
Shoals:1: layout_shoals
Shoals:2: layout_shoals
Shoals:3: layout_shoals, uniq_polyphemus
Shoals:4: shoals_end_grunt_ice, layout_shoals, nicolae_shoals_aquamancer_cove
Spider:1: layout_chambers, drop_trap, uniq_kirke
Spider:2: layout_spider_delve, special_room [special_room_bee], drop_trap,
          spiders_nest_spider_trap, uniq_frances
Orc:1:    layout_diamond_mine, uniq_snorg
Orc:2:    grunt_orc_tribal_feast, layout_caves
Vaults:1: v_alt_pattern_4, v_alt_pattern_6, v_rooms_3,
          nicolae_vaults_yaktaur_gun_rack, nicolae_vaults_theta,
          ontoclasm_vaults_decontamination, nicolae_vaults_ring_of_whatevers,
          vaults_room_grunt_arrival_ludios, ontoclasm_vaults_twist, st_lines,
          layout_vaults_omnigrid, uniq_saint_roka
Vaults:2: vaults_dpeg_doors, dpeg_vaults_monster_row, hangedman_vaults_maws,
          nicolae_vaults_asterisk, vaults_dpeg_ring,
          nicolae_vaults_little_squares_4, nicolae_vaults_alarming,
          nicolae_vaults_little_squares_5, vaults_room_hallway,
          layout_vaults_chaotic_city

Skill      XL: |  1  2  3  4  5  6  7  8  9 10 11 12 13 14 15 16 17 18 19 |
---------------+----------------------------------------------------------+-----
Armour         | 1 2 4 6 8 10 12 14 16 19 20 | 20.0
Staves         | 4 5 6 7 8 10 11 12 13 | 13.4
Shields        | 2 3 5 8 10 12 | 12.0
Polearms       | 1 4 6 9 |  9.7
Invocations    | 1 4 7 8 10 12 | 12.0
Evocations     | 1 2 5 |  5.0
Dodging        | 3 5 8 9 10 | 10.0
Fighting       | 3 4 5 8 11 12 | 12.0
Axes           | 4 5 |  5.5
Stealth        | 3 5 |  5.0
Slings         | 3 4 5 9 |  9.6
Poison Magic   | 1 4 5 |  5.0
Spellcasting   | 1 2 3 |  3.0
Transmutations | 1 |  1.0
Fire Magic     | 1 |  1.0
Conjurations   | 1 2 |  2.0
Air Magic      | 1 2 |  2.0
Throwing       | 3 |  3.6

Action                   |  1- 3 |  4- 6 |  7- 9 | 10-12 | 13-15 | 16-18 | 19-21 || total
-------------------------+-------+-------+-------+-------+-------+-------+-------++-------
Melee: Quarterstaff      |    77 |   208 |   294 |   693 |  1323 |   204 |       ||  2799
       War axe           |       |       |       |   161 |   120 |    53 |       ||   334
       Lajatang          |       |       |       |       |    51 |  1165 |    32 ||  1248
       Glaive            |       |       |       |       |       |    44 |   339 ||   383
 Fire: Hunting sling     |       |       |       |    22 |   400 |   625 |    55 ||  1102
Throw: Dart              |     6 |    43 |    20 |    56 |       |     2 |       ||   127
       Throwing net      |     2 |     1 |     4 |       |     5 |     1 |     3 ||    16
       Boomerang         |       |       |    46 |     9 |    14 |    13 |       ||    82
       Javelin           |       |       |       |       |       |       |     2 ||     2
Invok: Heroism           |       |       |     2 |    27 |    21 |    25 |     6 ||    81
       Finesse           |       |       |       |     3 |    10 |     9 |     1 ||    23
 Abil: Dig               |       |     1 |       |    14 |    16 |    27 |       ||    58
Evoke: Wand              |       |       |     1 |     9 |     6 |     4 |       ||    20
       Phantom mirror    |       |       |       |       |     1 |     1 |       ||     2
       Box of beasts     |       |       |       |       |     1 |       |       ||     1
       Phial of floods   |       |       |       |       |       |       |     1 ||     1
  Use: Scroll            |     2 |     4 |     8 |    12 |    12 |    13 |     1 ||    52
       Potion            |       |       |     4 |     4 |     4 |     6 |       ||    18
 Stab: Held in net/web   |     1 |       |     3 |       |     4 |       |     1 ||     9
       Sleeping          |       |     1 |       |    11 |       |     1 |       ||    13
       Paralysed         |       |       |     1 |     4 |       |     4 |       ||     9
       Invisible         |       |       |       |     1 |       |       |       ||     1
       Distracted        |       |       |       |       |       |     2 |       ||     2
  Eat: Chunk             |     1 |     7 |    11 |     9 |    30 |    27 |     8 ||    93
       Ration            |       |       |       |     5 |     5 |     8 |     1 ||    19
Armor: Leather armour    |    24 |    42 |       |       |       |       |       ||    66
       Animal skin       |       |     5 |    33 |       |       |       |       ||    38
       Ring mail         |       |       |   108 |    30 |       |       |       ||   138
       Acid dragon scale |       |       |       |    52 |       |       |       ||    52
       Scale mail        |       |       |       |    38 |   306 |   407 |    88 ||   839
       Robe              |       |       |       |    27 |       |       |       ||    27
       Chain mail        |       |       |       |     9 |    10 |       |       ||    19
       Ice dragon scales |       |       |       |     2 |       |       |       ||     2
Dodge: Dodged            |    50 |   106 |   128 |   233 |   306 |   546 |   149 ||  1518
Block: Kite shield       |       |       |    19 |   392 |   643 |  1200 |   378 ||  2632
       Reflection        |       |       |       |       |       |    56 |    29 ||    85
